 Dungeon Crawl Stone Soup version 0.18.1-48-g4cf74bf (webtiles) character file.

0 glosham the Skirmisher (level 1, -2/24 HPs)
             Began as an Ogre Abyssal Knight on July 27, 2016.
             Was a Follower of Lugonu.
             Slain by a starspawn tentacle (3 damage)
             ... attached to a tentacled starspawn
             ... on level 1 of the Abyss.
             The game lasted 00:00:59 (77 turns).

glosham the Skirmisher (Ogre Abyssal Knight)          Turns: 77, Time: 00:01:00

Health: -2/24      AC:  3    Str: 16    XL:     1   Next: 0%
Magic:  2/2        EV:  7    Int: 11    God:    Lugonu [*.....]
Gold:   0          SH:  0    Dex:  9    Spells: 0 memorised, 0 levels left

rFire  . . .     SeeInvis .     a - +1 mace
rCold  . . .     Gourm    .     b - +0 robe
rNeg   . . .     Faith    .     (no shield)
rPois  .         Spirit   .     (helmet restricted)
rElec  .         Dismiss  .     (no cloak)
rCorr  .         Reflect  .     (gloves unavailable)
SustAt .         Harm     .     (boots unavailable)
MR     .....                    (no amulet)
Stlth  +.........               (no ring)
                                (no ring)

@: slowed, constricted, very slow, not resistant to hostile enchantments, very
unstealthy
A: unfitting armour, tough skin 1
a: Depart the Abyss, Renounce Religion


You were on level 1 of the Abyss.
You worshipped Lugonu.
Lugonu was aware of your devotion.
You were not hungry.

You visited 0 branches of the dungeon, and saw 0 of its levels.
You visited the Abyss 1 time.

Inventory:

Hand Weapons
 a - a +1 mace (weapon)
Armour
 b - a +0 robe (worn)
Potions
 e - a potion of flight {unknown}
Comestibles
 c - a bread ration
 d - a beef jerky


   Skills:
 - Level 4.0 Fighting
 + Level 2.6 Maces & Flails
 - Level 2.1 Dodging
 - Level 2.0 Invocations


You couldn't memorise any spells.
You didn't know any spells.

Dungeon Overview and Level Annotations

Branches:
Dungeon (0/15)

Altars:


Innate Abilities, Weirdness & Mutations

You are too large for most types of armour.
You have tough skin (AC +1).


Message History

Welcome, glosham the Ogre Abyssal Knight.
The bosom of this dungeon contains the fabled artefact, the Orb of Zot.
Lugonu says: Depart the Abyss and spread corruption, my servant! (use the ability menu to exit the Abyss) Press ? for a list of commands and other information.
Found a beef jerky.
Found a corrupted altar of Lugonu.
You see here a beef jerky.
d - a beef jerky
Found a black potion.
You see here a black potion.
e - a black potion A guardian serpent comes into view.
The guardian serpent shouts!
The guardian serpent casts a spell at you.
You feel yourself slow down.
The guardian serpent weaves intricate patterns with the tip of its tongue.
The tentacled starspawn blinks!
The tentacled starspawn misses you. The tentacled starspawn engulfs you!!
Ouch! That really hurt!
* * * LOW HITPOINT WARNING * * *
Tentacles burst from the starspawn's body! 2 starspawn tentacles come into view.
A tentacle flies out from the starspawn's body!
A starspawn tentacle comes into view.
Tentacles burst from the starspawn's body! 2 starspawn tentacles come into view.
The starspawn tentacle grabs you.
* * * LOW HITPOINT WARNING * * *
The starspawn tentacle constricts you.
The starspawn tentacle loses its grip on you.
The tentacle pulls you backwards! The starspawn tentacle grabs you.
You die...

.####.....# .#.#
#....#.# #...#
## #..# .###....
..###..#w##..
#.#.##.#.#.###
.##....####.Λ..#
...#....X.──#..#
....##wV..# .#
#..#@##..# ..
#...w.#/.# #.
#....#.──.## #
#....##..##
#...# .#.# ##.#
...# .# .... #.
#.... . ###


You could see a tentacled starspawn and 2 starspawn tentacles.

Vanquished Creatures (others)
  3 starspawn tentacles (Abyss:1)
  70 starspawn tentacle segments (Abyss:1)
73 creatures vanquished.

Notes
Turn   | Place    | Note
--------------------------------------------------------------
     0 | Abyss:1  | glosham the Ogre Abyssal Knight began the quest for the Orb.
     0 | Abyss:1  | Reached XP level 1. HP: 24/24 MP: 2/2
    65 | Abyss:1  | Noticed a tentacled starspawn
    68 | Abyss:1  | Noticed a guardian serpent
    77 | Abyss:1  | HP: 1/24 [starspawn tentacle[a tentacled starspawn] (3)]
    77 | Abyss:1  | Slain by a starspawn tentacle

Action                   || total
-------------------------++-------
Dodge: Dodged            ||     1

Table legend:
 A = Turns spent in this place as a percentage of turns spent in the entire game.
 B = Non-inter-level travel turns spent in this place as a percentage of non-inter-level travel turns spent in the entire game.
 C = Inter-level travel turns spent in this place as a percentage of turns spent in this place.
 D = Turns resting spent in this place as a percentage of non-inter-level travel turns spent in this place.
 E = Turns spent auto-exploring this place as a percentage of non-inter-level travel turns spent in this place.
 F = Non-inter-level travel turns spent in this place divided by the number of levels of this place that you've seen.
                   A       B       C       D       E      F
               +-------+-------+-------+-------+-------+----------------------
         Total | 100.0 | 100.0 |   0.0 |   0.0 |   0.0 |  78.0
         Abyss | 100.0 | 100.0 |   0.0 |   0.0 |   0.0 |  78.0
               +-------+-------+-------+-------+-------+----------------------

Vault maps used:
